 Dungeon Crawl Stone Soup version 0.20-a0-893-g832831a (webtiles) character file.

2956 polly the Grappler (level 9, -6/65 HPs)
             Began as a Demonspawn Fighter on Mar 16, 2017.
             Was a Believer of Okawaru.
             Mangled by an orc warrior
             ... wielding a +0 dire flail
              (14 damage)
             ... on level 8 of the Dungeon.
             The game lasted 00:08:41 (7194 turns).

polly the Grappler (Demonspawn Fighter)             Turns: 7194, Time: 00:08:42

Health: -6/65      AC: 14    Str: 20    XL:     9   Next: 52%
Magic:  9/9        EV:  5    Int:  9    God:    Okawaru [**....]
Gold:   203        SH: 10    Dex: 13    Spells: 8/8 levels left

rFire    . . .     SeeInvis .     - Unarmed
rCold    + . .     Gourm    .   H - +2 plate armour {rC+}
rNeg     . . .     Faith    +   b - +0 shield
rPois    .         Spirit   .   (helmet restricted)
rElec    .         Reflect  .   (no cloak)
rCorr    .         Harm     .   (no gloves)
MR       .....                  (no boots)
Stlth    ..........             y - amulet of faith
Regen    0.2/turn               (no ring)
MPRegen  0.2/turn               (no ring)

@: no status effects
A: antennae 1, claws 2, talons 1, powered by death 2
a: Heroism, Renounce Religion


You were on level 8 of the Dungeon.
You worshipped Okawaru.
Okawaru was pleased with you.
You were hungry.

You visited 2 branches of the dungeon, and saw 9 of its levels.

You collected 469 gold pieces.
You spent 266 gold pieces at shops.

Inventory:

Hand Weapons
 B - a +3 great sword of holy wrath
Armour
 a - a +0 scale mail
 b - a +0 shield (worn)
 H - a +2 plate armour of cold resistance (worn)
Jewellery
 c - an uncursed amulet of regeneration
 y - an amulet of faith (around neck)
Scrolls
 e - a scroll of immolation {unknown}
 f - 12 scrolls of identify {unknown}
 g - 3 scrolls of noise {unknown}
 i - 3 scrolls of remove curse {unknown}
 j - a scroll of recharging {unknown}
 l - 9 scrolls of teleportation
 s - 2 scrolls of random uselessness {unknown}
 t - a scroll of fear {unknown}
 u - 2 scrolls of enchant weapon {unknown}
 v - 4 scrolls of fog {unknown}
 A - 3 scrolls of amnesia {unknown}
 D - 2 scrolls of blinking {unknown}
 F - a scroll of vulnerability {unknown}
 G - a scroll of enchant armour {unknown}
Potions
 h - 3 potions of curing
 m - 4 potions of heal wounds
 n - 2 potions of mutation {unknown}
 o - a potion of brilliance {unknown}
 p - 5 potions of agility
 q - 2 potions of resistance {unknown}
 r - 2 potions of flight {unknown}
 C - a potion of degeneration {unknown}
 E - a potion of haste {unknown}
Comestibles
 d - 3 bread rations
 k - 2 fruits
 w - 4 royal jellies
 x - 3 meat rations


   Skills:
 + Level 3.8 Fighting
 + Level 5.8 Armour
 + Level 2.7 Dodging
 + Level 1.4 Stealth
 + Level 4.6 Shields
 * Level 9.6 Unarmed Combat


You had 8 spell levels left.
You didn't know any spells.

Dungeon Overview and Level Annotations

Branches:
Dungeon (8/15)             Temple (1/1) D:6
   Lair: D:8-11

Altars:
Cheibriados
Dithmenos
Gozag
Kikubaaqudgha
Makhleb
Nemelex Xobeh
Okawaru
Qazlal
Ru
Trog
Uskayaw
Vehumet
Xom
Zin
The Shining One

Shops:
D:6 *

Annotations:
D:4 Eustachio; ShutUppercut's ghost, novice OpTm


Innate Abilities, Weirdness & Mutations

You have a pair of small antennae on your head.
You have very sharp fingernails.
You have sharp toenails.
You regenerate health from kills.


Message History

You are too injured to fight recklessly!
You are too injured to fight recklessly!
You are too injured to fight recklessly!
You are too injured to fight recklessly!
You are too injured to fight recklessly!
You are too injured to fight recklessly!
You are too injured to fight recklessly!
You scratch the orc warrior but do no damage.
The orc warrior is heavily wounded.
The orc warrior hits you but does no damage.
Your shield and plate armour prevent you from hitting the orc warrior.
You claw the orc warrior, but do no damage.
The orc warrior is heavily wounded.
Your plate armour prevents you from hitting the orc warrior.
You claw the orc warrior, but do no damage.
The orc warrior is heavily wounded.
The orc warrior hits you with a dire flail!!
* * * LOW HITPOINT WARNING * * *
The orc warrior hits you with a dire flail!
You die...

########.###
....oo...(.#
########.#.#
#.# #o# #.#
(#########o#
........##o#
.........@.#
######.####
#.#
#.#######
#.......#
#######.#
#.# ######.#
#......#


You could see an orc warrior, an orc wizard and an orc.

Vanquished Creatures
  Pikel (D:7)
  Sigmund (D:3)
  A wyvern (D:7)
  2 slaves (D:7)
  2 ice beasts
  2 black bears (D:6)
  2 ogres
  4 centaurs
  2 bullfrogs
  A gnoll sergeant (D:7)
  2 scorpions
  3 crimson imps
  A howler monkey (D:6)
  2 jellies
  2 orc priests
  5 hounds
  Crazy Yiuf (D:3)
  2 bullfrog skeletons
  4 orc wizards
  4 worker ants
  2 hound zombies
  3 hound skeletons
  A worker ant zombie (D:5)
  8 adders
  4 gnolls (D:5)
  A shadow imp (D:7)
  2 adder skeletons
  3 worms
  2 dart slugs (D:2)
  3 leopard geckos
  26 orcs
  A ball python (D:2)
  7 giant cockroaches
  8 goblins
  4 hobgoblins
  15 jackals
  6 quokkas
  2 bats
  7 frilled lizards
  8 kobolds
  6 rats
163 creatures vanquished.

Vanquished Creatures (others)
  A water moccasin skeleton (D:6)
  A bullfrog skeleton (D:6)
2 creatures vanquished.

Grand Total: 165 creatures vanquished

Notes
Turn   | Place    | Note
-------+----------+-------------------------------------------
     0 | D:1      | polly the Demonspawn Fighter began the quest for the Orb.
     0 | D:1      | Reached XP level 1. HP: 18/18 MP: 1/1
   125 | D:1      | Gained mutation: You have sharp fingernails. [demonic ancestry]
   125 | D:1      | Reached XP level 2. HP: 18/24 MP: 2/2
   404 | D:1      | Reached skill level 2 in Unarmed Combat
  1045 | D:2      | Reached XP level 3. HP: 28/29 MP: 3/3
  1837 | D:3      | Found a runed door.
  1875 | D:3      | Gained mutation: You regenerate a little health from kills. [demonic ancestry]
  1875 | D:3      | Reached XP level 4. HP: 20/35 MP: 4/4
  2028 | D:3      | Noticed Sigmund
  2050 | D:3      | Reached skill level 3 in Unarmed Combat
  2111 | D:3      | Killed Sigmund
  2111 | D:3      | Reached skill level 4 in Unarmed Combat
  2111 | D:3      | Gained mutation: You have a pair of small antennae on your head. [demonic ancestry]
  2111 | D:3      | Reached XP level 5. HP: 26/41 MP: 5/5
  2178 | D:3      | Gained mutation: You regenerate health from kills. [demonic ancestry]
  2178 | D:3      | Reached XP level 6. HP: 35/47 MP: 6/6
  2272 | D:3      | Found a glowing golden altar of the Shining One.
  2606 | D:3      | Noticed Crazy Yiuf
  2612 | D:3      | Killed Crazy Yiuf
  2669 | D:4      | Noticed ShutUppercut's ghost (novice OpTm)
  2814 | D:4      | Reached skill level 1 in Dodging
  2855 | D:4      | Noticed Eustachio
  3573 | D:4      | Found a bloodstained altar of Trog.
  4050 | D:4      | Reached skill level 5 in Unarmed Combat
  4213 | D:5      | Entered Level 5 of the Dungeon
  4269 | D:5      | Gained mutation: You have very sharp fingernails. [demonic ancestry]
  4269 | D:5      | Reached XP level 7. HP: 51/52 MP: 7/7
  4323 | D:5      | Reached skill level 1 in Stealth
  4663 | D:5      | Reached skill level 6 in Unarmed Combat
  4914 | D:5      | Gained mutation: You have sharp toenails. [demonic ancestry]
  4914 | D:5      | Reached XP level 8. HP: 44/58 MP: 8/8
  5099 | D:6      | Found a radiant altar of Vehumet.
  5117 | D:6      | Reached skill level 7 in Unarmed Combat
  5274 | D:6      | Found Heopra's Assorted Antiques.
  5279 | D:6      | Bought a runed great sword for 190 gold pieces
  5279 | D:6      | Bought a glowing golden potion for 18 gold pieces
  5279 | D:6      | Bought a scroll labeled DOUMPIACALL for 20 gold pieces
  5279 | D:6      | Bought a glowing purple potion for 18 gold pieces
  5279 | D:6      | Bought a scroll labeled MEOTIO BODYDDO for 20 gold pieces
  5359 | D:6      | Reached skill level 5 in Armour
  5373 | D:6      | Found a staircase to the Ecumenical Temple.
  5418 | Temple   | Entered the Ecumenical Temple
  5465 | Temple   | Became a worshipper of Warmaster Okawaru
  5698 | D:6      | Reached skill level 8 in Unarmed Combat
  5931 | D:6      | Reached * piety under Okawaru
  6220 | D:7      | Reached XP level 9. HP: 59/64 MP: 9/9
  6607 | D:7      | Noticed Pikel
  6635 | D:7      | HP: 2/64 [wyvern (11)]
  6653 | D:7      | Killed Pikel
  6653 | D:7      | Reached ** piety under Okawaru
  6653 | D:7      | Reached skill level 9 in Unarmed Combat
  6919 | D:7      | Found a sacrificial altar of Ru.
  7081 | D:7      | Found a hide-covered altar of Uskayaw.
  7194 | D:8      | Mangled by an orc warrior

Vault maps used:
D:1:      dpeg_arrival_tiny_a, minmay_pentomino_x4
D:2:      cheibrodos_helix_gallery, first_bread
D:3:      tso_metal_star, kennysheep_generic_room_7, uniq_crazy_yiuf_cottage,
          uniq_sigmund
D:4:      nicolae_overflow_crystal_walls, uniq_eustachio
D:6:      fiery_altar_vehumet, minmay_temple_entry_statues_fountains,
          serial_shops, kennysheep_little_box
D:7:      nicolae_ru_path_of_blood, marbit_many_paths, uniq_pikel
D:8:      lair_entry_dummy, hangedman_pestilent_swarm, minmay_crystal_room,
          nicolae_underground_beach
Temple:   regret_index_temple_waves

Skill      XL: |  1  2  3  4  5  6  7  8  9 |
---------------+----------------------------+-----
Unarmed Combat | 2 4 5 6 8 9 |  9.6
Shields        | 3 4 |  4.6
Armour         | 3 4 5 |  5.8
Dodging        | 1 2 |  2.7
Stealth        | 1 |  1.4
Fighting       | |  3.8

Action                   |  1- 3 |  4- 6 |  7- 9 || total
-------------------------+-------+-------+-------++-------
Melee: Unarmed           |   181 |   219 |   328 ||   728
       Kick              |       |       |    68 ||    68
  Use: Potion            |       |     2 |     5 ||     7
       Scroll            |       |     1 |       ||     1
  Eat: Meat ration       |     1 |       |       ||     1
       Chunk             |       |     6 |     9 ||    15
Armor: Scale mail        |    87 |    89 |   114 ||   290
       Plate armour      |       |       |     3 ||     3
Dodge: Dodged            |    65 |    60 |   106 ||   231
Block: Shield            |    99 |   105 |   148 ||   352
